Map: Récif abyssal EC

Players

Cubee

  • Race: Zerg Zerg
  • League: Diamond
  • Spawn Location: 5:00

defer - Winner!

  • Race: Protoss Protoss
  • League: Silver
  • Spawn Location: 11:00

VOD

Have the link to the VOD?

Description

Time

  • Played on: April 10, 2017, 5:33 a.m.
  • Length: 7:29
Show
View Real Time Build Order
Export as new Build Order

Cubee Zerg 

Build Orders: Hatch First 

Get SALT Encoding   

  12  0:01  Drone  
  13  0:13  Overlord  
  13  0:17  Drone  
  14  0:31  Drone x2  
  16  0:50  Hatchery  
  16  0:53  Drone  
  16  0:56  Drone  
  17  0:59  Extractor  
  17  1:02  Drone  
  17  1:17  Spawning Pool  
  16  1:24  Drone  
  16  1:25  Drone  
  18  1:30  Drone  
  19  1:40  Drone  
  20  1:50  Overlord  
  20  2:05  Zergling x4, Queen  
  20  2:06  Metabolic Boost  
  24  2:13  Queen  
  26  2:19  Zergling x2  
  27  2:23  Baneling Nest  
  27  2:26  Zergling x2  
  27  2:29  Zergling x2  
  28  2:33  Zergling x2  
  29  2:41  Zergling x4  
  31  2:48  Zergling x4  
  31  3:00  Zergling x4  
  31  3:05  Zergling x2  
  34  3:08  Zergling x2  
  35  3:32  Overlord x2  
  35  3:34  Lair  
  35  3:51  Baneling x2  
  35  3:52  Baneling  
  35  3:54  Baneling x3  
  35  3:59  Drone x5  
  35  4:00  Drone x3  
  38  4:33  Zergling x6  
  38  4:34  Zergling x4  
  38  4:54  Roach Warren  
  37  5:04  Zergling x4  
  37  5:05  Zergling x14  
  46  5:15  Drone x2  
  46  5:16  Drone x3  
  51  5:25  Hatchery, Queen  
  32  5:44  Zergling x2  
  32  5:45  Zergling x16  
  39  5:52  Spore Crawler  
  30  6:14  Overseer  
  30  6:17  Zergling x2  
  30  6:18  Zergling x10  
Show
View Real Time Build Order
Export as new Build Order

defer Protoss - Winner!

Build Orders: Dark Templar Rush 

Get SALT Encoding   

  12  0:01  Probe (Chrono Boost)  
  13  0:11  Probe (Chrono Boost)  
  14  0:18  Pylon  
  14  0:22  Probe (Chrono Boost)  
  15  0:36  Probe (Chrono Boost)  
  15  0:38  Gateway  
  16  0:46  Probe (Chrono Boost)  
  17  0:50  Assimilator  
  17  0:57  Probe (Chrono Boost)  
  17  0:58  Assimilator  
  18  1:08  Probe (Chrono Boost)  
  18  1:11  Gateway  
  19  1:18  Probe (Chrono Boost)  
  20  1:26  Cybernetics Core  
  20  1:29  Probe (Chrono Boost)  
  21  1:37  Pylon  
  21  1:39  Probe (Chrono Boost)  
  22  1:50  Probe (Chrono Boost)  
  23  1:55  Warp Gate  
  23  2:02  Adept  
  23  2:03  Adept  
  23  2:08  Forge  
  27  2:21  Twilight Council  
  27  2:33  Pylon  
  27  2:38  Protoss Ground Weapons Level 1  
  27  2:48  Charge  
  27  3:09  Gateway  
  27  3:13  Gateway  
  27  3:15  Gateway  
  27  3:32  Pylon  
  27  3:36  Gateway  
  27  3:47  Pylon  
  27  3:52  Dark Shrine  
  27  3:55  Pylon  
  27  4:06  Zealot  
  27  4:07  Zealot  
  31  4:12  Zealot  
  33  4:26  Sentry  
  33  4:30  Zealot x2  
  36  4:36  Zealot  
  32  4:41  Zealot  
  34  4:49  Zealot  
  36  5:00  Pylon  
  36  5:06  Dark Templar  
  38  5:14  Dark Templar  
  38  5:32  Dark Templar  
  38  5:33  Dark Templar  
  34  5:53  Zealot x3  
  32  6:40  Zealot x3  
  32  6:41  Zealot x2  
  36  6:59  Zealot  
  36  7:00  Zealot  
  36  7:01  Zealot x3  
  46  7:26  Dark Templar x3  
Tags
 
Add a new tag
Caveats
  • Supply blocks, unpowered buildings, or Contaminate may cause inaccurate times.
  • Supply counts are checked every 10 seconds.